Unix NetHack Version 5.0.0-0 post-release - last build Jun 10 2026 00:39:30 (3ee93aec679c4c4259841fe613dc97188e26a321,branch:main).

Game began 2026-07-05 21:32:58, ended 2026-07-06 08:54:42.

Eymerich, chaotic male elven Priest

                                                                     --
                                                                     .|
                                                                    ..|
                               ---------------                     ..
                               |.............|                     .
                               |....%....)....##                  .
                               .......<......| # #           )   #
                               |.............| ###          #o@o)
                               |.............| #####      #[#
                               ---------------     ##   --|-----------
                                                    #   |.[..........|
                                                    #)##[[...........|
                                                        |[.))........|
                                                        |..........l.|
                                                        --------------

Eymerich the Adept           St:13 Dx:14 Co:13 In:10 Wi:19 Ch:9  Chaotic
Dlvl:5  $:222 HP:0(53) Pw:72(83) AC:-1 Xp:6 T:3794  Burdened

Latest messages:
 You miss the Uruk-hai.
 The Uruk-hai hits!
 You hit the Uruk-hai!
 You kill the Uruk-hai!
 There is an Uruk-hai corpse here; eat it? [ynq] (n)
 This Uruk-hai corpse tastes okay.
 You hear some noises.
 You stop eating the Uruk-hai corpse.
 There is a partly eaten Uruk-hai corpse here; eat it? [ynq] (n)
 You resume your meal.
 The Uruk-hai puts on a coarse mantelet.
 You finish eating the Uruk-hai corpse.
 c - a broad pick (weapon in hands).
 a - a blessed +1 mace (alternate weapon; not wielded).
 You start digging.
 You hit the rock with all your might.
 You stop digging.
 The Uruk-hai throws a crude spear!
 A crude spear misses you.
 The Uruk-hai misses!
 The Uruk-hai wields a curved sword!
 a - a blessed +1 mace (weapon in right hand).
 c - a broad pick (alternate weapon; not wielded).
 You see here a blessed white-handed shield.
 The Uruk-hai swings his curved sword.
 The Uruk-hai hits!
 You miss the Uruk-hai.
 The Uruk-hai swings his curved sword.
 The Uruk-hai misses!
 You miss the Uruk-hai.
 You miss the Uruk-hai.
 The Uruk-hai swings his curved sword.
 The Uruk-hai hits!
 The Uruk-hai swings his curved sword.
 The Uruk-hai hits!
 The Uruk-hai wields a cursed crude spear!
 The crude spear welds itself to the Uruk-hai's hand!
 You miss the Uruk-hai.
 The Uruk-hai swings his curved sword.
 The Uruk-hai hits!
 You miss the Uruk-hai.
 The Uruk-hai swings his curved sword.
 The Uruk-hai hits!
 The Uruk-hai thrusts her crude spear.
 The Uruk-hai hits!
 You die...
 Do you want your possessions identified? [ynq] (y)
 Do you want to see your attributes? [ynq] (y)
 Do you want an account of creatures vanquished? [ynaq] (y)
 Do you want to see your conduct and achievements? [ynq] (y)

Inventory:
 Coins    ('$')
  $ - 222 gold pieces
 Weapons  (')')
  o - 12 +1 darts
  L - 8 +0 darts
  J - 4 +0 daggers (at the ready)
  U - a +0 elven dagger
  j - a blessed +0 bullwhip
  c - a +0 dwarvish mattock (alternate weapon; not wielded)
  a - a blessed +1 mace (weapon in right hand)
 Armor    ('[')
  G - a blessed +1 orcish helm (being worn)
  D - a blessed +0 pair of iron shoes (being worn)
  V - a +0 cloak of displacement (being worn)
  s - a +0 robe
  A - a +0 robe
  r - a +0 dwarvish mithril-coat (being worn)
 Comestibles  ('%')
  e - a clove of garlic
  y - a food ration
  f - a sprig of wolfsbane
  l - 3 lichen corpses
 Scrolls  ('?')
  K - 2 scrolls of blank paper
  u - a scroll of remove curse
  z - a scroll of taming
 Spellbooks  ('+')
  w - a spellbook of slow monster
 Potions  ('!')
  v - a potion of gain ability
  k - a potion of oil
  x - a potion of paralysis
  B - a potion of see invisible
  d - 4 potions of holy water
 Tools    ('(')
  O - a magic lamp
  F - a stethoscope
  H - a stethoscope
 Gems/Stones  ('*')
  Q - a topaz stone named hard
  C - a worthless piece of black glass named soft
  E - a worthless piece of blue glass named soft
  I - a worthless piece of violet glass named soft

Eymerich the Priest's attributes:

Background:
 You were an Adept, a level 6 elven Priest.
 You were chaotic, on a mission for Mars
 who was opposed by Mercury (lawful) and Venus (neutral).
 You were right-handed.
 You were in the Dungeons of Doom, on level 5.
 You entered the dungeon 3794 turns ago.
 You had 371 experience points, 269 more were needed to attain level 7.

Basics:
 You had 0 out of 53 hit points.
 You had 72 out of 83 energy points (spell power).
 Your armor class was -1.
 Your wallet contained 222 zorkmids.
 Autopickup was off.

Final Characteristics:
 Your strength was 13 (limit:18).
 Your dexterity was 14 (limit:18).
 Your constitution was 13 (limit:16).
 Your intelligence was 10 (limit:20).
 Your wisdom was 19 (limit:20).
 Your charisma was 9 (limit:18).

Final Status:
 You weren't hungry.
 You were burdened; movement was slightly slowed.
 You were wielding a mace.
 You had basic skill with mace and could have enhanced that.

Final Attributes:
 You were piously aligned.
 You were sleep resistant.
 You were telepathic.
 You had infravision.
 You were displaced.
 You were guarded.
 Your spell casting was impaired by metallic armor.
 You are dead.

Miscellaneous:
 You didn't encounter any bones levels.
 Total elapsed playing time was 1 hour, 1 minute and 25 seconds.

Major events:
 Turn
    1: Eymerich the chaotic elven Priest entered the dungeon
  823: entered the Gnomish Mines
  973: attained the rank of Acolyte (level 3)
 3651: attained the rank of Adept (level 6)
 3794: killed by an Uruk-hai

Spells:
 Name                 Level Category     Fail Retention
 light                  1   clerical     100%   81%-90%
 extra healing          3   healing      100%  76%-100%

Skills:
 Fighting Skills
   bare handed combat [Unskilled]
 Weapon Skills
   club               [Unskilled]
   mace               [Basic]
   morning star       [Unskilled]
   flail              [Unskilled]
   hammer             [Unskilled]
   quarterstaff       [Unskilled]
   polearms           [Unskilled]
   spear              [Unskilled]
   trident            [Unskilled]
   lance              [Unskilled]
   bow                [Unskilled]
   sling              [Unskilled]
   crossbow           [Unskilled]
   dart               [Unskilled]
   shuriken           [Unskilled]
   boomerang          [Unskilled]
   unicorn horn       [Unskilled]
 Spellcasting Skills
   healing spells     [Unskilled]
   divination spells  [Unskilled]
   clerical spells    [Basic]

Voluntary challenges:
 Character rerolling was not enabled.
 You were illiterate.
 You never genocided any monsters.
 You never polymorphed an object.
 You never changed form.
 You used no wishes.
Achievements:
 You entered a shop.
 You entered the Gnomish Mines.
 You attained the rank of Acolyte.
 You attained the rank of Adept.

 The Dungeons of Doom: levels 1 to 5
    Level 1:
       Some fountains.
    Level 2:
       A potion shop.
       Stairs down to The Gnomish Mines.
    Level 3:
       An armor shop, a fountain, a grave.
    Level 4:
       A fountain.
    Level 5: <- You were here.
       Final resting place for
          you, killed by an Uruk-hai.
 The Gnomish Mines:
    Level 3:


Vanquished creatures:
  4 Uruk-hai
  a rock piercer
  a shrieker
  2 gnome leaders
  a straw golem
  a paper golem
  2 giant ants
  a little dog
  a floating eye
  3 dwarves
  5 hill orcs
  3 rothes
  a rabid rat
  2 giant bats
  3 dwarf zombies
  2 wererats
 an iguana
  2 acid blobs
  a hobbit
  a giant rat
  8 gnomes
  4 geckos
  4 jackals
  2 foxes
  2 kobolds
  a goblin
  2 grid bugs
  6 lichens
  3 newts
70 creatures vanquished.

No species were genocided or became extinct.

Game over:
                       ----------
                      /          \
                     /    REST    \
                    /      IN      \
                   /     PEACE      \
                  /                  \
                  |     Eymerich     |
                  |      222 Au      |
                  |   killed by an   |
                  |     Uruk-hai     |
                  |                  |
                  |                  |
                  |       2026       |
                 *|     *  *  *      | *
        _________)/\\_//(\/(/\)/\//\/|_)_______

Goodbye Eymerich the Priest...

You died in The Dungeons of Doom on dungeon level 5 with 1884 points,
and 222 pieces of gold, after 3794 moves.
You were level 6 with a maximum of 53 hit points when you died.

